 Dungeon Crawl Stone Soup version 0.29-a0-303-ge4682ce883 (webtiles) character file.

Game seed: 2600181835176745493

1545 kae the Firebug (level 8, -1/48 HPs)
             Began as a Tengu Fire Elementalist on Mar 25, 2022.
             Killed from afar by an electric eel (9 damage)
             ... with a bolt of electricity
             ... on level 6 of the Dungeon.
             The game lasted 00:03:28 (6342 turns).

kae the Firebug (Tengu Fire Elementalist)           Turns: 6342, Time: 00:03:29

Health: -1/48      AC:  2    Str:  9    XL:     8   Next: 87%
Magic:  13/15      EV: 35    Int: 18    God:
Gold:   312        SH:  0    Dex: 14    Spells: 6/15 levels left

rFire   . . .      SeeInvis .   f - +1 trident
rCold   . . .      Faith    .   (no shield)
rNeg    . . .      Spirit   .   a - +0 robe
rPois   .          Reflect  .   (helmet restricted)
rElec   .          Harm     .   (no cloak)
rCorr   .          Rampage  .   (no gloves)
Will    .....                   (boots unavailable)
Stlth   ++........              e - amulet of the acrobat
HPRegen 0.16/turn               n - +4 ring of evasion
MPRegen 0.14/turn               (no ring)

@: acrobatic, flying quickly and evasively, quick
A: beak, talons 3, nimble flight
a: no special abilities


You were on level 6 of the Dungeon.
You visited 1 branch of the dungeon, and saw 6 of its levels.

You collected 312 gold pieces.

Inventory:

Hand Weapons
 f - a +1 trident (weapon)
Armour
 a - a +0 robe (worn)
Jewellery
 e - an amulet of the acrobat (around neck)
 h - a ring of wizardry
 n - a +4 ring of evasion (left hand)
 s - a ring of willpower
Wands
 d - a wand of flame (23)
 m - a wand of digging (7)
Scrolls
 g - 6 scrolls of identify
 j - 2 scrolls of summoning
 k - a scroll of vulnerability {unknown}
 q - a scroll of holy word
 r - a scroll of amnesia {unknown}
 t - 3 scrolls of magic mapping {unknown}
Potions
 b - a potion of magic
 c - 2 potions of curing
 i - a potion of heal wounds {unknown}
 l - a potion of mutation {unknown}
 o - 3 potions of lignification {unknown}
 p - a potion of attraction {unknown}


   Skills:
 + Level 4.1 Fighting
 + Level 5.1 Dodging
 - Level 2.0 Stealth
 + Level 4.4 Spellcasting
 + Level 5.8 Conjurations
 * Level 7.7 Fire Magic


You had 6 spell levels left.
You knew the following spells:

 Your Spells              Type           Power      Damage    Failure   Level
a - Foxfire               Conj/Fire      100%       2x1d9     1%          1
b - Scorch                Fire           62%        2d8       1%          2
c - Conjure Flame         Conj/Fire      28%        6-21      2%          3
d - Inner Flame           Hex/Fire       17%        N/A       9%          3

Your spell library contained the following spells:

 Spells                   Type           Power      Damage    Failure   Level
 Static Discharge         Conj/Air       14%        N/A       6%          2
 Flame Wave               Conj/Fire      28%        2d8       9%          4
 Sticky Flame             Conj/Fire      28%        2d5       9%          4
 Ensorcelled Hibernation  Hex/Ice        6%         N/A       22%         2
 Frozen Ramparts          Ice            6%         1d2       38%         3
 Spider Form              Tmut/Pois      3%         N/A       38%         3
 Anguish                  Hex/Necr       1%         N/A       80%         4
 Dispel Undead            Necr           3%         3d7       80%         4
 Ice Form                 Ice/Tmut       3%         N/A       80%         4
 Summon Ice Beast         Ice/Summ       3%         N/A       80%         4


Dungeon Overview and Level Annotations

Branches:
Dungeon (6/15)
 Temple: D:4-7

Altars:
Hepliaklqana
Okawaru
The Shining One

Annotations:
D:6 Grinder, Maggie


Innate Abilities, Weirdness & Mutations

You have a beak for a mouth.
You have claws for feet.
Your magical nature lets you fly swiftly and evasively.


Message History

The ice beast's fire resistance burns away.
Casting: Scorch (safe; 1% risk of failure)
Confirm with . or Enter, or press ? or * to list all spells.
Flames lash the ice beast.
The ice beast melts!
You kill the ice beast!
Casting: Scorch (safe; 1% risk of failure)
Confirm with . or Enter, or press ? or * to list all spells.
You can't see any susceptible monsters within range! (Use Z to cast anyway.)
Your magical contamination has completely faded away.
Found a spear.
You now have 312 gold pieces (gained 9).
Found a stone staircase leading down.
There is a stone staircase leading down here.
A sky beast comes into view.
Found a stone staircase leading up.
The sky beast flickers out of sight!
Deactivating autopickup; reactivate with Ctrl-A.
An electric eel comes into view.
An electric eel is nearby!
An electric eel is nearby!
Casting: Scorch (safe; 1% risk of failure)
Confirm with . or Enter, or press ? or * to list all spells.
You conjure some foxfire!
The electric eel shoots out a bolt of lightning at you!
The bolt of electricity hits you!
The foxfire hits something.
The foxfire hits the electric eel.
The electric eel is moderately wounded.
Casting: Foxfire (safe; 1% risk of failure)
Confirm with . or Enter, or press ? or * to list all spells.
You conjure some foxfire!
The electric eel is engulfed in a cloud of scalding steam.
The electric eel shoots out a bolt of lightning at you!
The bolt of electricity hits you! x2
* * * LOW HITPOINT WARNING * * *
The foxfire hits something but does no damage.
The foxfire hits something.
A sky beast appears from thin air!
Reactivating autopickup.
The electric eel is engulfed in a cloud of scalding steam.
The electric eel shoots out a bolt of lightning at you!
The bolt of electricity hits you!
You die...

##.## #..# #.##
##.# #..# ##.##
#..# ##.#######
#§@Y§.....
#.§.......
#..........
..........<.
.............
♣≈S............
≈P≈♣...........
≈≈≈≈♣..........


You could see a sky beast and an electric eel.

Vanquished Creatures
  3 ice beasts
  2 sky beasts (D:5)
  A black bear (D:6)
  A phantom (D:4)
  A necrophage (D:6)
  7 scorpions
  An electric eel (D:6)
  An orc priest (D:5)
  A hound (D:5)
  2 jellies
  4 iguanas
  9 adders
  2 white imps (D:5)
  An ufetubus (D:5)
  2 worms
  2 dart slugs
  7 orcs
  5 bats
  8 endoplasms
  4 giant cockroaches
  10 goblins
  2 hobgoblins (D:4)
  2 jackals (D:1)
  A quokka (D:3)
  6 ball pythons
  4 frilled lizards
  2 kobolds
  6 rats
97 creatures vanquished.

Vanquished Creatures (others)
  382 foxfires
  14 plants
396 creatures vanquished.

Grand Total: 493 creatures vanquished

Notes
Turn   | Place    | Note
-------+----------+-------------------------------------------
     0 | D:1      | kae the Tengu Fire Elementalist began the quest for the
                  | Orb.
     0 | D:1      | Reached XP level 1. HP: 10/10 MP: 4/4
     0 | D:1      | Noticed a large abomination
     1 | D:1      | Noticed a large abomination
     2 | D:1      | Noticed a yellow draconian
     4 | D:1      | Noticed a golden dragon
     4 | D:1      | Noticed an iron dragon
     6 | D:1      | Noticed a large abomination
     7 | D:1      | Noticed an ice dragon
    11 | D:1      | Noticed an orb of fire
    13 | D:1      | Noticed a tentacled monstrosity
    13 | D:1      | Noticed an iron dragon
    15 | D:1      | Noticed an iron dragon
    15 | D:1      | Noticed a large abomination
    18 | D:1      | Noticed a white draconian
    18 | D:1      | Noticed an orb of fire
    18 | D:1      | Noticed a shadow dragon
    20 | D:1      | Noticed a large abomination
    20 | D:1      | Noticed a golden dragon
    22 | D:1      | Noticed a shadow dragon
   207 | D:1      | Reached XP level 2. HP: 15/15 MP: 3/6
  1016 | D:2      | Reached XP level 3. HP: 20/20 MP: 4/7
  1051 | D:2      | Reached skill level 1 in Fighting
  1112 | D:2      | Found an iron altar of Okawaru.
  1318 | D:2      | Reached skill level 4 in Fire Magic
  1510 | D:2      | Reached XP level 4. HP: 25/25 MP: 6/8
  2789 | D:4      | Noticed a phantom
  2805 | D:4      | Killed a phantom
  2806 | D:4      | Gained mutation: Your magical nature lets you fly swiftly
                  | and evasively. [Tengu growth]
  2806 | D:4      | Reached XP level 5. HP: 24/30 MP: 2/10
  2994 | D:4      | Learned a level 2 spell: Scorch
  2998 | D:4      | Learned a level 3 spell: Conjure Flame
  3029 | D:4      | Found a hazy altar of Hepliaklqana.
  3300 | D:4      | You are sucked into a shaft and drop 1 floor!
  3300 | D:5      | Entered Level 5 of the Dungeon
  3475 | D:4      | Reached XP level 6. HP: 35/35 MP: 7/11
  3674 | D:4      | Learned a level 3 spell: Inner Flame
  3686 | D:5      | Noticed an ice beast
  3693 | D:5      | Killed an ice beast
  3694 | D:5      | Reached skill level 5 in Fire Magic
  3727 | D:5      | Noticed a sky beast
  3739 | D:5      | Killed a sky beast
  3904 | D:5      | Reached XP level 7. HP: 23/40 MP: 5/12
  4401 | D:5      | Reached skill level 6 in Fire Magic
  4446 | D:5      | Found a glowing golden altar of the Shining One.
  4918 | D:5      | Reached XP level 8. HP: 46/46 MP: 7/14
  5487 | D:6      | Reached skill level 5 in Conjurations
  5487 | D:6      | Reached skill level 7 in Fire Magic
  5842 | D:6      | Reached skill level 5 in Dodging
  5844 | D:6      | Noticed Grinder
  5849 | D:6      | Paralysed by Grinder for 7 turns
  5863 | D:6      | Noticed Maggie
  6342 | D:6      | Killed from afar by an electric eel

Illustrated notes

Levels and vault maps discovered:
D:1:      shiori_arrival_whats_in_store_for_you, layout_basic
D:2:      layout_basic, basic_altar
D:3:      layout_basic, roderic_serpentine_path, hex_medium,
          chequers_serial_rivers_micro_b, saegor_snake_ambush
D:4:      layout_rooms, mainiacjoe_overflow_24_doors
D:5:      layout_basic, tso_altar
D:6:      layout_cave_pods, minmay_temple_entry_gardened_gates, serial_bayou,
          serial_bayou_pond_a, serial_bayou_pond_d, serial_bayou_ford_a,
          serial_bayou_shore_a, minmay_circle_x, uniq_maggie, uniq_pikel,
          uniq_grinder, uniq_eustachio

Skill      XL: |  1  2  3  4  5  6  7  8 |
---------------+-------------------------+-----
Conjurations   | 2 3 4 5 |  5.8
Fighting       | 1 2 3 4 |  4.1
Fire Magic     | 4 5 6 7 |  7.7
Dodging        | 3 4 5 |  5.1
Spellcasting   | 3 4 |  4.4
Stealth        | |  2.0

Action                   |  1- 3 |  4- 6 |  7- 9 || total
-------------------------+-------+-------+-------++-------
Melee: Trident           |     3 |     2 |     7 ||    12
       Kick              |       |     1 |     2 ||     3
 Cast: Foxfire           |    55 |   103 |    61 ||   219
       Scorch            |       |     2 |    42 ||    44
  Use: Scroll            |       |     4 |     3 ||     7
 Stab: Sleeping          |     1 |       |       ||     1
Armor: Robe              |     3 |     3 |     3 ||     9
Dodge: Dodged            |     5 |    26 |    86 ||   117

Table legend: (Time is in decaauts)
 A = Elapsed time spent in this place.
 B = Non-inter-level travel time spent in this place.
 C = Inter-level travel time spent in this place.
 D = Time resting spent in this place.
 E = Time spent auto-exploring this place.
 F = Levels seen in this place.
 G = Mean time per level.
                   A        B        C        D        E       F      G
               +--------+--------+--------+--------+--------+-----+--------+
         Total |   6247 |   6110 |    137 |    462 |   4763 |   6 | 1041.2 |
       Dungeon |   6247 |   6110 |    137 |    462 |   4763 |   6 | 1041.2 |
               +--------+--------+--------+--------+--------+-----+--------+

Top non-repeatable levels by time:
     D:5: 1758 daAuts
     D:3: 1113 daAuts
     D:1: 928 daAuts
     D:4: 899 daAuts
     D:2: 775 daAuts
     D:6: 772 daAuts
